 Dungeon Crawl Stone Soup version 0.19-a0-1185-gacb3972 (webtiles) character file.

6679 Rhoefr the Cleaver (level 10, -8/84 (85) HPs)
             Began as a Demonspawn Monk on Aug 18, 2016.
             Mangled by an orc warrior
             ... wielding a +0 glaive of venom
              (17 damage)
             ... on level 8 of the Dungeon.
             The game lasted 00:29:57 (10240 turns).

Rhoefr the Cleaver (Demonspawn Monk)               Turns: 10240, Time: 00:29:58

HP:   -8/84 (85)    AC: 11    Str: 15    XL:     10   Next: 73%
MP:   0/10          EV: 13    Int: 12    God:
Gold: 188           SH:  0    Dex: 15    Spells: 0 memorised, 9 levels left

rFire  + . .     SeeInvis .     K - +5 glaive (chop)
rCold  . . .     Gourm    .     y - +0 ring mail
rNeg   . . .     Faith    .     (shield currently unavailable)
rPois  .         Spirit   +     (helmet restricted)
rElec  .         Dismiss  +     (no cloak)
rCorr  .         Reflect  .     n - +1 pair of gloves
MR     .....     Harm     .     e - +0 pair of boots
Stlth  ..........               v - amulet of dismissal
                                r - ring of flight
                                G - ring of loudness (curse)

@: lethally poisoned (-8 -> -47), drained
A: horns 1, molten scales 2, fire resistance 1, ignite blood, magic shield,
flame cloud immunity
a: Evoke Flight


You were on level 8 of the Dungeon.
You were hungry.

You visited 3 branches of the dungeon, and saw 11 of its levels.
You also visited: Ossuary.

You collected 591 gold pieces.
You spent 403 gold pieces at shops.

Inventory:

Hand Weapons
 a - a +0 hand axe
 j - a +2 mace of protection
 K - a +5 glaive of chopping (weapon)
Armour
 e - a +0 pair of boots (worn)
 n - a +1 pair of gloves (worn)
 y - a +0 ring mail (worn)
Jewellery
 r - a ring of flight (right hand)
 v - an amulet of dismissal (around neck)
 E - an uncursed amulet of magic regeneration
 G - a cursed ring of loudness (left hand)
Wands
 D - a wand of flame (1/48)
 F - a wand of teleportation (6/9)
 H - a wand of digging (5/24)
 M - a wand of disintegration (6/24)
 N - a wand of lightning (6/15)
 P - a wand of iceblast (8/15)
Scrolls
 b - 2 scrolls of enchant armour
 h - 4 scrolls of random uselessness {unknown}
 i - a scroll of silence {unknown}
 k - 6 scrolls of identify
 m - 5 scrolls of enchant weapon {unknown}
 q - 3 scrolls of remove curse
 s - 2 scrolls of fog {unknown}
 t - 6 scrolls of teleportation
 u - a scroll of magic mapping
 w - a scroll of fear
 z - 2 scrolls of recharging {unknown}
 A - 2 scrolls of noise {unknown}
 B - 2 scrolls of blinking {unknown}
 O - 2 scrolls of amnesia
Potions
 g - a potion of haste {unknown}
 l - 3 potions of flight
 o - 5 potions of curing
 p - 3 potions of mutation
 I - a potion of magic
 J - a potion of agility
 L - a potion of heal wounds {unknown}
Comestibles
 c - 6 bread rations
 d - 7 royal jellies
 f - 6 meat rations
 x - 4 fruits
 C - 2 slices of pizza


   Skills:
 + Level 9.8(9.3) Fighting
 - Level 10.9(10.8) Axes
 + Level 4.4(7.9) Polearms
 + Level 5.2(4.8) Dodging
 - Level 1.7(1.3) Stealth


You had 9 spell levels left.
You didn't know any spells.

Dungeon Overview and Level Annotations

Branches:
Dungeon (9/15)             Temple (1/1) D:5            Lair (1/6) D:9
    Orc: D:9-12

Altars:
Ashenzari
Cheibriados
Dithmenos
Elyvilon
Fedhas
Gozag
Hepliaklqana
Kikubaaqudgha
Makhleb
Nemelex Xobeh
Okawaru
Ru
Sif Muna
Trog
Uskayaw
Vehumet
Xom
Yredelemnul
Zin
The Shining One

Shops:
D:8 (   D:9 %

Annotations:
D:4 Rhoefr's ghost, amateur DsGl


Innate Abilities, Weirdness & Mutations

You have a pair of small horns on your head.
You are mostly covered in molten scales. (AC +3)
Your flesh is heat resistant. (rF+)
Your demonic aura causes spilled blood to erupt in flames.
When hurt, damage is shared between your health and your magic reserves.
You are immune to clouds of flame.


Message History

You are too injured to fight recklessly!
* * * LOW HITPOINT WARNING * * *
You feel very sick.
You are too injured to fight recklessly!
Attack whom?
Press: ? - help, Dir - move target cursor, f/p - orc warrior
Aim: an orc warrior, wielding a glaive of venom and wearing a chain mail You reach to attack!
You closely miss the orc warrior.
* * * LOW HITPOINT WARNING * * *
You feel very sick. The orc warrior closely misses you.
Attack whom?
Press: ? - help, Dir - move target cursor, f/p - orc warrior
Aim: an orc warrior, wielding a glaive of venom and wearing a chain mail You reach to attack!
You hit the orc warrior.
The orc warrior is moderately wounded.
* * * LOW HITPOINT WARNING * * *
You feel very sick.
The orc warrior hits you from afar with a glaive of venom!!
You die...

....## #.# ##....[(.......#
#..>.# #.# #...............
##...# #.# #..<............
##..###### #.#
#...............
#.......###.#
#......[........
#....##..##.#
##<).............
######..##..#.#
#.o)............# .#
##.#...#.###.#.)....#.....##
.##
#.#.###.##@.#.############
..#####..........##.#
.........####.#####.#
#.##.##.## #.###...#
#...(##.#####.##..###
##..........#.##.##
##[#.....)<.#....#
#..#........######
..##........#


You could see an orc warrior.

Vanquished Creatures
  The ghost of Rhoefr the Slicer, a journeyman HaFi of Okawaru (Lair:1)
  Pikel (D:5)
  A deep elf mage (D:9)
  A queen bee (D:9)
  A troll (D:9)
  Grinder (D:6)
  Sigmund (D:5)
  Edmund (D:5)
  Duvessa (D:7)
  2 orc warriors
  A water moccasin (D:9)
  A black bear (D:7)
  A slave (D:5)
  An ice beast (D:6)
  A necrophage (D:9)
  2 centaurs
  4 ogres
  3 phantoms
  6 giant frogs
  Dowan (D:7)
  4 scorpions
  A wyvern skeleton (D:8)
  14 killer bees (D:9)
  2 howler monkeys (D:8)
  7 wights
  4 crimson imps
  A quasit (D:7)
  3 orc priests
  A centaur skeleton (D:4)
  A giant frog zombie (D:8)
  7 hounds
  A jelly (D:9)
  3 orc wizards
  A giant frog skeleton (D:8)
  2 iguanas
  5 worker ants
  A big kobold zombie (Ossuary)
  The ghost of Xenophilius the Ruffian, a weakling VSMo (D:3)
  2 hound skeletons
  4 mummies (Ossuary)
  A howler monkey zombie (D:9)
  3 gnolls
  8 adders
  3 shadow imps
  3 worms
  A dart slug (D:1)
  3 giant geckos
  14 orcs
  6 bats
  3 giant cockroaches
  3 gnoll zombies (Ossuary)
  8 goblins
  8 hobgoblins
  3 jackals (D:1)
  3 quokkas
  4 giant newts
  8 kobolds
  4 orc zombies (Ossuary)
  7 rats
190 creatures vanquished.

Vanquished Creatures (others)
  2 slaves (D:5)
  2 gnolls (D:5)
4 creatures vanquished.

Grand Total: 194 creatures vanquished

Notes
Turn   | Place    | Note
-------+----------+-------------------------------------------
     0 | D:1      | Rhoefr the Demonspawn Monk began the quest for the Orb.
     0 | D:1      | Reached XP level 1. HP: 18/18 MP: 1/1
   223 | D:1      | Reached skill level 3 in Axes
   321 | D:1      | Gained mutation: You are partially covered in molten scales. (AC +2) [demonic ancestry]
   321 | D:1      | Reached XP level 2. HP: 14/24 MP: 2/2
  1098 | D:2      | Gained mutation: Your flesh is heat resistant. (rF+) [demonic ancestry]
  1098 | D:2      | Reached XP level 3. HP: 29/29 MP: 3/3
  1390 | D:2      | You fall through a shaft for 2 floors!
  1452 | D:4      | Reached skill level 4 in Axes
  1452 | D:4      | Gained mutation: You are immune to clouds of flame. [demonic ancestry]
  1452 | D:4      | Reached XP level 4. HP: 30/36 MP: 4/4
  1599 | D:4      | Noticed an ogre
  1636 | D:4      | Killed an ogre
  1636 | D:4      | Gained mutation: You are mostly covered in molten scales. (AC +3) [demonic ancestry]
  1636 | D:4      | Reached XP level 5. HP: 34/42 MP: 5/5
  1964 | D:4      | Reached skill level 5 in Axes
  2098 | D:3      | Found a bloodstained altar of Trog.
  2247 | D:3      | Noticed Xenophilius's ghost (weakling VSMo)
  2255 | D:3      | Killed Xenophilius's ghost
  2382 | D:3      | Gained mutation: You have a pair of small horns on your head. [demonic ancestry]
  2382 | D:3      | Reached XP level 6. HP: 49/49 MP: 6/6
  3267 | D:4      | Noticed Rhoefr's ghost (amateur DsGl)
  4003 | D:5      | Entered Level 5 of the Dungeon
  4039 | D:5      | Noticed Sigmund
  4059 | D:5      | Killed Sigmund
  4059 | D:5      | Reached skill level 5 in Fighting
  4059 | D:5      | Reached skill level 6 in Axes
  4059 | D:5      | Gained mutation: Your demonic aura causes spilled blood to erupt in flames. [demonic ancestry]
  4059 | D:5      | Reached XP level 7. HP: 56/56 MP: 7/7
  4213 | D:5      | Found a glowing silver altar of Zin.
  4248 | D:5      | Noticed Pikel
  4290 | D:5      | Killed Pikel
  4290 | D:5      | Reached skill level 7 in Axes
  4290 | D:5      | Gained mutation: When hurt, damage is shared between your health and your magic reserves. [demonic ancestry]
  4290 | D:5      | Reached XP level 8. HP: 41/64 MP: 8/8
  4442 | D:5      | Noticed Edmund
  4463 | D:5      | Killed Edmund
  4529 | D:5      | Reached skill level 8 in Axes
  4730 | D:5      | Found a staircase to the Ecumenical Temple.
  4739 | Temple   | Entered the Ecumenical Temple
  5488 | D:6      | Noticed Grinder
  5489 | D:6      | Paralysed by Grinder for 7 turns
  5509 | D:6      | Paralysed by Grinder for 6 turns
  5515 | D:6      | Killed Grinder
  5549 | D:6      | Reached skill level 9 in Axes
  5684 | D:6      | Found a sand-covered staircase.
  5689 | Ossuary  | Entered an ossuary
  6058 | D:6      | Found a glowing golden altar of the Shining One.
  6058 | D:6      | Found a white marble altar of Elyvilon.
  6058 | D:6      | Found a glowing silver altar of Zin.
  6342 | D:6      | Got a warped buckler
  6348 | D:6      | Identified the cursed +0 buckler "Gynwoafi" {Int+4} (You found it on level 6 of the Dungeon)
  6404 | D:6      | Found a radiant altar of Vehumet.
  6405 | D:6      | Found a burning altar of Makhleb.
  6413 | D:6      | Reached XP level 9. HP: 72/72 MP: 9/9
  6765 | D:7      | Found a basalt altar of Yredelemnul.
  6876 | D:7      | Reached skill level 10 in Axes
  7180 | D:7      | Noticed Duvessa
  7183 | D:7      | Noticed Dowan
  7200 | D:7      | Killed Duvessa
  7205 | D:7      | Killed Dowan
  7299 | D:7      | Found a blossoming altar of Fedhas.
  7665 | D:8      | Found Qentulus's Weapon Shop.
  7748 | D:8      | Bought a +5 glaive of chopping for 403 gold pieces
  7972 | D:9      | Reached skill level 1 in Polearms
  8047 | D:9      | Found a sparkling altar of Nemelex Xobeh.
  8047 | D:9      | Found a hazy altar of Hepliaklqana.
  8116 | D:9      | Noticed a troll
  8120 | D:9      | Killed a troll
  8120 | D:9      | Reached XP level 10. HP: 70/82 MP: 8/10
  8197 | D:9      | Found a staircase to the Lair.
  8382 | D:9      | Found a shimmering altar of Xom.
  8582 | Lair:1   | Entered Level 1 of the Lair of Beasts
  8854 | Lair:1   | Noticed Rhoefr's ghost (journeyman HaFi)
  8868 | Lair:1   | HP: 4/82 [Rhoefr's ghost (17)]
  8870 | Lair:1   | Killed Rhoefr's ghost
  9848 | D:9      | Found Uvoxto's Food Shoppe.
  9937 | D:9      | Noticed a deep elf mage
  9942 | D:9      | Killed a deep elf mage
  9942 | D:9      | Reached skill level 5 in Dodging
 10240 | D:8      | Mangled by an orc warrior

Vault maps used:
D:1:      zaba_arrival_water
D:3:      bloody_trog, kennysheep_generic_room_8
D:4:      overflow_temple_1_default, first_bread, minmay_crystal_water
D:5:      basic_altar, hangedman_decor_diamond_cutter, uniq_edmund,
          uniq_sigmund, uniq_pikel
D:6:      good_gods_mini_temple, grunt_temple_overflow_lords_of_destruction,
          nicolae_ossuary_entry_plus, uniq_grinder
D:7:      black_bear_nest_1, lemuel_doored_altar, old_standard_altar,
          uniq_duvessa
D:8:      serial_shops, nicolae_shop_stone
D:9:      minitemple, old_standard_altar, lair_0_dummy, serial_shops,
          shop_statue, david_nohive_1
Temple:   nicolae_temple_figure_zero
Lair:1:   beast_lair_carwin_large_3, serial_bayou_shore_a, uniq_erica,
          uniq_grum, uniq_harold
Ossuary:  ossuary_crypta

Skill      XL: |  1  2  3  4  5  6  7  8  9 10 |
---------------+-------------------------------+-----
Axes           | 3 4 5 6 7 9 10 | 10.9
Fighting       | 4 5 6 7 8 9 |  9.8
Polearms       | 1 4 |  4.4
Dodging        | 3 5 |  5.2
Stealth        | |  1.7

Action                   |  1- 3 |  4- 6 |  7- 9 | 10-12 || total
-------------------------+-------+-------+-------+-------++-------
Melee: Hand axe          |    34 |       |       |       ||    34
       Mace              |    79 |   161 |   345 |       ||   585
       Headbutt          |       |    22 |    73 |     8 ||   103
       Glaive            |       |       |    19 |   139 ||   158
  Use: Scroll            |       |    10 |     1 |       ||    11
       Potion            |       |     2 |       |     5 ||     7
 Stab: Sleeping          |     3 |     1 |       |       ||     4
       Distracted        |     1 |       |     1 |       ||     2
  Eat: Chunk             |     1 |     6 |     7 |     4 ||    18
       Pizza             |       |     1 |     1 |       ||     2
       Meat ration       |       |     1 |       |       ||     1
       Royal jelly       |       |       |     1 |     1 ||     2
Armor: Robe              |    47 |     4 |       |       ||    51
       Ring mail         |       |    55 |   172 |    45 ||   272
       Chain mail        |       |    21 |       |       ||    21
       Skin              |       |     6 |       |    72 ||    78
Dodge: Dodged            |    97 |    68 |   183 |    78 ||   426
